Construct Light Support Kompanie
Selects Defensive Operations
Construct Mechanized Kompanie
Marder III Tank Destroyer
Panzerjäger Mechanized Group
Selects L6/40 Light Tank Combat Group
Construct Panzerarmee Kommand
Selects Registered Artillery
Selects Towed Cannone da 105/28 Field Howitzer
Towed Cannone da 105/28 Field Howitzer
Selects Territory Booby Traps
Towed Cannone da 105/28 Field Howitzer
Selects Prepared Positions
Selects Obice 305mm Barrage